Cogmind - Beta 14 @@@ ROGUE MODE // 2024.10.19 @ 19:37:13 Player: toydarian Result: Destroyed by S-10 Pest with Light Assault Rifle Performance ------------- Evolutions (0) 0 Regions Visited (1) 200 Robots Destroyed (29) 145 Value Destroyed (602) 602 Prototype IDs (0) 0 Alien Tech Used (0) 0 Bonus (0) 0 TOTAL SCORE: 947 Bonus ------- None Cogmind --------- Core Integrity 0/250 Matter 276/300 Energy 250/250 System Corruption 0% Temperature Cool (0) Movement Treading (240) Ox1 Location -10/Materials Parts ------- > --- POWER (1) -------- Ion Engine > --- PROPULSION (2) --- Light Treads > --- UTILITY (2) ------ Large Storage Unit Signal Interpreter > --- WEAPON (2) ------- Assault Rifle Light Assault Rifle > --- INVENTORY (15) --- Ion Engine Light Ion Engine High-capacity Matter Pod (200) Structural Scanner Seismic Detector Power Shielding Light Armor Plating Light Assault Rifle Peak State ------------ > --- POWER ------------ Ion Engine > --- PROPULSION ------- Light Treads Light Treads > --- UTILITY ---------- Large Storage Unit High-capacity Matter Pod > --- WEAPON ----------- Light Assault Rifle Light Assault Rifle > --- INVENTORY -------- Ion Engine Light Ion Engine Light Nuclear Core Light Treads Structural Scanner Seismic Detector EM Pulse Gun Assault Rifle [Rating: 8] Favorites ----------- Power Ion Engine Engine Ion Engine Propulsion Light Treads Treads Light Treads Utility Large Storage Unit Device Seismic Detector Storage Large Storage Unit Processor Signal Interpreter Weapon Light Assault Rifle Ballistic Gun Light Assault Rifle Build | -11 -10 ------- Run | Yrd Mat Slots Evolved . | . . Power . | . . Propulsion . | . . Utility . | . . Weapon . | . . Parts Attached 21 | 7 14 Power 3 | 2 1 Engine 3 | 2 1 Core . | . . Reactor . | . . Propulsion 6 | 2 4 Treads 6 | 2 4 Leg . | . . Wheel . | . . Hover . | . . Flight . | . . Utility 5 | 1 4 Device 1 | . 1 Storage 3 | 1 2 Processor 1 | . 1 Hackware . | . . Protection . | . . Artifact . | . . Weapon 7 | 2 5 Energy Gun . | . . Energy Cannon . | . . Ballistic Gun 7 | 2 5 Ballistic Cannon . | . . Launcher . | . . Special Weapon . | . . Impact Weapon . | . . Slashing Weapon . | . . Piercing Weapon . | . . Special Melee Weapon . | . . Unidentified Prototypes . | . . Parts Lost 2 | . 2 Power . | . . Propulsion 2 | . 2 Utility . | . . Weapon . | . . Highest Loss Streak 1 | . 1 To Critical Strikes . | . . Average Slot Usage (%) 94 | . 94 Engine 14 | . 14 Treads 23 | . 23 Storage 20 | . 20 Processor 6 | . 6 Ballistic Gun 27 | . 27 Peak Build Rating 8 | 6 8 Average Rating 6 | 5 6 On Entrance 3 | . 6 Naked Turns . | . . Heaviest Build 32 | 13 32 Greatest Support 40 | 40 40 Greatest Overweight (x) 1 | 1 1 Average Overweight (x) . | . . Largest Inventory Capacity 15 | 8 15 Average Capacity 14 | 7 14 Most Carried 11 | 5 11 Average Carried 6 | 2 7 Final Capacity 15 | 8 15 Final Carried 8 | 3 8 Class Distribution -------------------- 78% | Mutant 21% | Scavenger-Mutant Dominant Class ---------------- Mutant | -10/Materials Resources | -11 -10 ----------- Run | Yrd Mat Matter Collected 885 | 306 579 Remotely . | . . Salvage Created 923 | 93 830 Parts 64 | 5 59 Haulers Intercepted 2 | . 2 Recyclers Shooed 1 | . 1 Parts Field Recycled . | . . Retrieved Matter . | . . Parts Self-Destructed . | . . Prevented . | . . Kills | -11 -10 ------- Run | Yrd Mat Combat Hostiles Destroyed 19 | . 19 Guns 19 | . 19 Classes Destroyed 8 | 2 6 Worker 1 | . 1 Tunneler 1 | 1 . Hauler 2 | . 2 Recycler 1 | 1 . Operator 2 | . 2 Watcher 3 | . 3 Swarmer 7 | . 7 Grunt 12 | . 12 Best Kill Streak 3 | 1 3 Combat Bots Only 3 | . 3 Max Kills in Single Turn 1 | 1 1 Gunslinging . | . . Exploded . | . . Melee . | . . Uniques/NPCs Destroyed . | . . Combat | -11 -10 -------- Run | Yrd Mat Hostile Shots Fired 141 | . 141 Missed 34 | . 34 Damage Taken 1046 | . 1046 Core 251 | . 251 Absorbed by Shields . | . . Core Remaining (%) 100 | 100 . Volleys Fired 104 | 9 95 Largest 2 | 2 2 Hottest 40 | 40 40 Shots Fired 208 | 18 190 Gun 208 | 18 190 Cannon . | . . Launcher . | . . Special . | . . Kinetic 208 | 18 190 Thermal . | . . Explosive . | . . Electromagnetic . | . . Robot Hit Streak 13 | 4 13 Robot Miss Streak 5 | 5 4 Penetration Max . | . . Secondary Targets 3 | . 3 Max Gunslinging Chain 1 | . 1 Shots Hit Robots 125 | 9 116 Core Hits 60 | 3 57 Critical Kills . | . . Critical Parts Destroyed . | . . Critical Strikes . | . . Melee Attacks . | . . Impact . | . . Slashing . | . . Piercing . | . . Sneak Attacks . | . . Combat Hostiles . | . . Follow-up Attacks . | . . Damage Inflicted 1153 | 88 1065 Guns 1153 | 88 1065 Cannons . | . . Explosions . | . . Melee . | . . Ramming . | . . Kinetic 1153 | 88 1065 Thermal . | . . Explosive . | . . Electromagnetic . | . . Impact . | . . Slashing . | . . Piercing . | . . Highest Corruption . | . . Average Corruption . | . . Corruption Purged . | . . Corruption Blocked . | . . Overload Shots . | . . Overflow Damage . | . . Projectiles . | . . Explosions . | . . Melee . | . . Knockbacks . | . . Impact . | . . Kinetic . | . . Secondary . | . . Self-Inflicted Damage . | . . Shots . | . . Rammed . | . . Targets Rammed . | . . Kicked . | . . Crushed . | . . Highest Temperature 28 | . 28 Average Temperature 10 | . 10 Received Heat Transfer 393 | . 393 Siege Activations . | . . Robots Corrupted . | . . Combat Hostiles . | . . Parts Fried . | . . Impact Corruptions . | . . Robots Melted . | . . Combat Hostiles . | . . Parts Melted . | . . Heat Transferred . | . . Parts Sabotaged . | . . Parts Stolen . | . . Parts Stripped . | . . Power Chain Reactions . | . . Alert | -11 -10 ------- Run | Yrd Mat Peak Influence 229 | 10 229 Initial 6 | . 6 Average 72 | 3 75 Maximum Alert Level 1 | . 1 Low Security (%) 98 | 100 98 Level 1 1 | . 1 Level 2 . | . . Level 3 . | . . Level 4 . | . . Level 5 . | . . High Security . | . . Max Security . | . . Squads Dispatched 4 | . 4 Investigation 2 | . 2 Extermination . | . . Reinforcement 2 | . 2 Assault . | . . Garrison . | . . Intercept . | . . Searches Triggered . | . . Construction Impeded . | . . Haulers Reinforced . | . . Active Scanning Responses . | . . Cargo Convoy Interrupts . | . . Stealth | -11 -10 --------- Run | Yrd Mat Distress Signals 1 | . 1 Communications Jammed . | . . Distress Signals . | . . Times Spotted 34 | . 34 Peak Tracking Total 4 | . 4 Tactical Retreats . | . . Traps | -11 -10 ------- Run | Yrd Mat Traps Triggered 4 | . 4 Indirectly . | . . Trap Hack Attempts . | . . Triggered . | . . Disarmed . | . . Reprogrammed . | . . Reused . | . . Traps Extracted . | . . Installed . | . . Triggered . | . . Machines | -11 -10 ---------- Run | Yrd Mat Machines Disabled . | . . Max in Single Turn . | . . Machines Repaired . | . . Machines Dismantled . | . . Machines Sabotaged . | . . Overloaded Fab Kills . | . . Hacking | -11 -10 --------- Run | Yrd Mat Machines Accessed 5 | . 5 Terminals 5 | . 5 Fabricators . | . . Repair Stations . | . . Recycling Units . | . . Scanalyzers . | . . Garrison Access . | . . Total Hacks 11 | . 11 Successful 4 | . 4 Failed 7 | . 7 Catastrophic 1 | . 1 Database Lockouts . | . . Manual 2 | . 2 Terminals 11 | . 11 Fabricators . | . . Repair Stations . | . . Recycling Units . | . . Scanalyzers . | . . Garrison Access . | . . Terminal Hacks 4 | . 4 Record 2 | . 2 Hauler Manifests 1 | . 1 Zone Layout 1 | . 1 Fabricator Hacks . | . . Repair Station Hacks . | . . Recycling Unit Hacks . | . . Scanalyzer . | . . Garrison Access Hacks . | . . Unauthorized Hacks . | . . Terminals . | . . Fabricators . | . . Repair Stations . | . . Recycling Units . | . . Scanalyzers . | . . Garrison Access . | . . Data Cores Recovered . | . . Used . | . . Hacking Detections 6 | . 6 Full Trace Events . | . . Feedback Events . | . . Feedback Blocked . | . . Robot Schematics Acquired . | . . Robots Built . | . . Authchips . | . . Time . | . . Total Robot Build Rating . | . . Part Schematics Acquired . | . . Parts Built . | . . Authchips . | . . Time . | . . Total Part Build Rating . | . . Parts Repaired . | . . Time . | . . Parts Recycled . | . . Recycled Matter . | . . Retrieved Matter . | . . Retrieved Components . | . . Parts Scanalyzed . | . . Part Schematics Acquired . | . . Parts Damaged . | . . Bothacking | -11 -10 ------------ Run | Yrd Mat Used RIF Installer . | . . Robots Hacked . | . . Non-combat . | . . Combat . | . . Robot Hacks Applied . | . . Relay Couplers Released . | . . Fabnet Peak Effective % . | . . Robots Rewired . | . . Allies Hacked . | . . Hacks Repelled . | . . Allies | -11 -10 -------- Run | Yrd Mat Total Allies . | . . Largest Group . | . . Highest-Rated Group . | . . Highest-Rated Ally . | . . Total Orders . | . . Ally Attacks . | . . Total Damage . | . . Kills . | . . Allies Corrupted . | . . Allies Melted . | . . Intel | -11 -10 ------- Run | Yrd Mat Robot Analysis Total . | . . Derelict Logs Recovered . | . . Drone Launches . | . . Drone Recoveries . | . . Exploration | -11 -10 ------------- Run | Yrd Mat Turns Passed 3187 | 114 3073 Spaces Moved 1590 | 54 1536 Core 13 | 13 . Treads 1577 | 41 1536 Legs . | . . Wheels . | . . Hover . | . . Flight . | . . Fastest Speed 50 | 50 160 Average Speed 178 | 136 180 Slowest Speed 240 | 160 240 Overloaded Moves . | . . Propulsion Burnouts . | . . Robots Hopped . | . . Cave-ins Triggered . | . . Exploration Rate (%) 51 | 5 97 Regions Visited 1 Branch Regions . Pre-discovered Areas . | . . Known Exits Taken . | . . Unknown Exits Taken 1 | 1 . Scrap Searched . | . . Spaces Dug . | . . Terrain Destroyed . | . . Melee . | . . Projectile . | . . AOE . | . . Terrain Rammed . | . . Walls Destroyed . | . . Machines Disabled . | . . Actions | -11 -10 --------- Run | Yrd Mat Total 1768 | 78 1690 Wait 6 | . 6 Move 1589 | 53 1536 Hop . | . . Pick Up 29 | 8 21 Fast Attach 2 | 2 . Attach 19 | 5 14 Detach 8 | . 8 Swap . | . . Drop 11 | 1 10 Fire 104 | 9 95 Melee . | . . Ram . | . . Kick . | . . Crush . | . . Escape Stasis . | . . Rewire . | . . Trap . | . . Miscellaneous . | . . Route ------- -11/Scrapyard -10/Materials (discovered 5 exits: *Mat x3 / *Min / *Sub) History --------- Turn | Location | Event 10 | -11/Scrapyard | Discovered new exit (range 16) 115 | -11/Scrapyard | Entered Materials 300 | -10/Materials | Build established: Mutant 308 | -10/Materials | Discovered new exit (range 10) 580 | -10/Materials | Discovered new exit (range 16) 626 | -10/Materials | Core integrity fell below 50% 840 | -10/Materials | Discovered new exit (range 9) 991 | -10/Materials | Discovered new exit (range 10) 1673 | -10/Materials | Core integrity fell below 20% 1757 | -10/Materials | Discovered new exit (range 16) 1802 | -10/Materials | Identified exit to Materials 2285 | -10/Materials | Identified exit to Mines 2336 | -10/Materials | Identified exit to Subcaves 2525 | -10/Materials | Build established: Scavenger-Mutant 3188 | -10/Materials | Destroyed by S-10 Pest with Light Assault Rifle Last Messages --------------- 02230_ Acquired Lgt. Treads. 02234_ Acquired Lgt. Armor Plating. 02235_ Acquired 24 matter. 02238_ Acquired 10 matter. 02238_ Dropped Lgt. Nuclear Core. 02238_ Dropped Lgt. Treads. 02285_ EXIT=IDENTIFIED: MINES 02296_ R-06 Scavenger collects Lgt. Treads. 02336_ EXIT=IDENTIFIED: SUBCAVES 02392_ Connecting with Terminal... 02693_ K-01 Serf cleans the Purification Channel. 02764_ Connecting with Terminal... 02835_ K-01 Serf cleans the Fusion Modulator. 02896_ Triggered Blade Trap. 02896_ Massive razor-sharp blades shoot up from within the floor. 02896_ Lgt. Treads severed. 02900_ K-01 Serf cleans the Fusion Modulator. 02907_ R-06 Scavenger collects Lgt. Treads. 02911_ U-05 Engineer lays Concrete. 03172_ S-10 Pest destroyed. Map ----- +----------------------------------------------------+ | # ! # # """#??# # ## | | ############### # """#??# ########## | | ??????# # # """#??# ######???# | | ??????# # + #??# # #???# | | ??????# + # """#??# # T #???# | | ??????# # # """#??# # #???# | | ??????# # # """#??# # #???# | | ?????## # # #??# # ##### | | ?????#> # ############# # # # | | ?????## # # # # | | ??????## # #### # + # | | ???????######## ##+##+##/#### # # # | | ??????????????# # # ###### # | | ??????????????# # + # | | ??????????????# # # ^ # | | ??????????????# + """ # """ | | ????###########+### """ " " #^ """ ###### | | ????# #= """ "R" # """ #????? | | ????# # """ # ###### | | ????# """ """ """ #+########### # | | ??????""" """ """ # #????# # """ # | | ????# """ """ """ # #????# + """ # | | ????# # ###### # """ # | | ############+###### # # # # | | # #! ####r# # # + | | # # @# # "# """ # | | # + T s # #| T# """ # | | # # s t + # "# """ # | | # #! = ## # # # ###### | | # ## %=### #!= ####+# #????? | | # ## #?# #!] #??# ##### #????? | | # ## #?# #!] #??# #???# #????? | | #######+### #?# ######??# #???# ###### | | ?????## ### #?# ######??# #???# # | | ?????# #?# # #??# ##### # | | ?????# #?# # #??# # | | ?????# #?# # #??#########+## < # | | ???#####+## < #?# + #?# # # | | ???# # #?##### #?# """ """ ##### | | ???# #####?????######?# """ """ #???? | | ???# #????????????????# """ """ #???? | | ???# #????????????????# """ #???? | | ???# #????????????????# """ #???? | | ???# #????????????????# #???? | | ???########????????????????#############???? | | | | | | | | | | | +----------------------------------------------------+ Best States ------------- Heat Dissipation 25 Energy Generation 10 Energy Capacity 250 Matter Stores 500 Matter Capacity 500 Sight Range 16 Terrain Scan Density 10 Evasion (%) 50 Recoil Reduction 2 Item Schematics ----------------- None Robot Schematics ------------------ None Fabricated ------------ Nothing Alien Tech Used ----------------- None Achievements -------------- None Challenges ------------ None Game ------ Seed MagneticBombInterrupter Manual? 0 Play Time 00:26:32 Cumulative 18.0 hours Start 2024.10.19 @ 19:12:48 End 2024.10.19 @ 19:37:13 Sessions 1 Manual Loads 0 Difficulty Rogue Special Mode None Game No. 10 Rogue 3 Adventurer 0 Explorer 7 Win Type - Total 1 Types 1/0/0/0/0/0/0/0/0 Lore% 10 Gallery% 16 Achievement% 22 Wizard Run 0 Options --------- Layout 0 ASCII 0 Keyboard 0 Movement Mouse Keybinds 0 Fullscreen 1 Font 24/Terminus Map View 76x50 Zoom Use 0% Tactical HUD 1 Map Filters NONE Filters NONE Steam 1 RUN: 5c81bba9-831f-4bf0-83c3-c9715060bfed